 Dungeon Crawl Stone Soup version 0.23-a0-635-g88ca12a (webtiles) character file.

121261 Matador8 the Carver (level 16, -6/127 HPs)
             Began as a Vampire Enchanter on Dec 27, 2018.
             Was the Champion of Nemelex Xobeh.
             Killed from afar by a deep elf knight (18 damage)
             ... with a stone arrow
             ... on level 1 of the Elven Halls on Dec 28, 2018.
             The game lasted 05:50:14 (48161 turns).

Matador8 the Carver (Vampire Enchanter)            Turns: 48161, Time: 05:50:14

Health: -6/127     AC: 20    Str: 12    XL:     16   Next: 32%
Magic:  24/24      EV: 16    Int: 19    God:    Nemelex Xobeh [******]
Gold:   2575       SH:  0    Dex: 15    Spells: 12/26 levels left

rFire    + . .     SeeInvis +   b - +4 dagger
rCold    + + .     Gourm    .   (no shield)
rNeg     + + .     Faith    .   i - +0 ring mail {MR+}
rPois    +         Spirit   .   q - +2 helmet
rElec    .         Reflect  .   f - scarf {rC+ rF+}
rCorr    .         Harm     .   F - +1 pair of gloves
MR       +++..                  M - +1 pair of boots
Stlth    ++++++....             (no amulet)
HPRegen  0.15/turn              U - +6 ring of protection
MPRegen  0.19/turn              A - ring of protection from magic

@: regenerating slowly
A: fangs 3, hooves 1, see invisible, wild magic 1, unbreathing, MP-powered wands
a: Bat Form, Draw Escape, Draw Destruction, Draw Summoning, Draw Stack, Triple
Draw, Deal Four, Stack Five, Renounce Religion


You were on level 1 of the Elven Halls.
You worshipped Nemelex Xobeh.
Nemelex Xobeh was exalted by your worship.
You were thirsty.

You visited 5 branches of the dungeon, and saw 26 of its levels.

You collected 2575 gold pieces.

Inventory:

Hand Weapons
 a - the +6 triple sword of Bloody Death {venom, Stlth+}
   (You found it on level 6 of the Lair of Beasts)

   It poisons the flesh of those it strikes.
   It makes you more stealthy.
 b - a +4 dagger (weapon)
 d - a +1 vampiric long sword
 D - a +1 scimitar of flaming
Missiles
 N - 2 throwing nets (quivered)
Armour
 f - a scarf of resistance (worn)
 i - a +0 ring mail of magic resistance (worn)
 q - a +2 helmet (worn)
 F - a +1 pair of gloves (worn)
 H - a +2 scale mail of fire resistance
 M - a +1 pair of boots (worn)
Jewellery
 g - an uncursed ring of positive energy
 u - a +4 ring of strength
 A - a ring of protection from magic (right hand)
 U - a +6 ring of protection (left hand)
 V - an uncursed ring of protection from cold
Wands
 p - a wand of flame (31)
 r - a wand of iceblast (10)
 x - a wand of paralysis (6)
 E - a wand of acid (9)
 T - a wand of enslavement (5)
Scrolls
 c - a scroll of torment
 e - 4 scrolls of fog
 n - a scroll of immolation
 o - 8 scrolls of remove curse
 w - 4 scrolls of identify
 y - 2 scrolls of fear
 z - a scroll of teleportation
 C - a scroll of enchant weapon
 R - 3 scrolls of magic mapping
Potions
 h - a potion of invisibility
 j - a potion of heal wounds
 k - 2 potions of haste
 l - a potion of flight
 m - 3 potions of curing
 s - 2 potions of mutation
 t - 8 potions of brilliance
 v - 5 potions of ambrosia
 B - 3 potions of agility
 G - 2 potions of magic
 I - a potion of blood
 P - 4 potions of might
 Q - 2 potions of cancellation
 W - a potion of resistance
Miscellaneous
 Z - a lamp of fire


   Skills:
 + Level 11.7 Fighting
 - Level 6.1(11.4) Short Blades
 - Level 13.6(14.0) Long Blades
 + Level 3.8 Throwing
 - Level 6.0 Armour
 - Level 10.2 Dodging
 - Level 13.1 Stealth
 - Level 5.5 Spellcasting
 - Level 13.3 Hexes
 - Level 10.3 Invocations
 - Level 7.6 Evocations


You had 12 spell levels left.
You knew the following spells:

 Your Spells              Type           Power        Failure   Level  Hunger
a - Corona                Hex            ######.      1%          1    None
b - Ensorcelled Hibernat  Hex/Ice        #####.       4%          2    None
c - Confuse               Hex            ######..     1%          3    ##.....
d - Tukima's Dance        Hex            ######..     1%          3    ##.....
e - Dazzling Spray        Conj/Hex       #####.       8%          3    ##.....
f - Slow                  Hex            ######..     1%          2    None

Your spell library contained the following spells:

 Spells                   Type           Power        Failure   Level  Hunger
 Summon Guardian Golem    Hex/Summ       #####...     8%          3    ##.....
 Beastly Appendage        Tmut           #.....       32%         1    None
 Magic Dart               Conj           #...         32%         1    None
 Summon Small Mammal      Summ           #...         32%         1    None
 Blink                    Tloc           N/A          45%         2    None
 Call Imp                 Summ           #.......     45%         2    None
 Yara's Violent Unravell  Hex/Tmut       #####.....   50%         5    #####..
 Call Canine Familiar     Summ           #.......     67%         3    ##.....
 Conjure Flame            Conj/Fire      #.......     67%         3    ##.....
 Mephitic Cloud           Conj/Pois/Air  #.......     67%         3    ##.....
 Static Discharge         Conj/Air       #.......     67%         3    ##.....
 Petrify                  Tmut/Erth      #.......     96%         4    ####...
 Summon Ice Beast         Ice/Summ       #.......     96%         4    ####...
 Summon Lightning Spire   Summ/Air       #.......     96%         4    ####...
 Alistair's Intoxication  Tmut/Pois      #.......     100%        5    #####..
 Bolt of Magma            Conj/Fire/Erth #.........   100%        5    #####..
 Iskenderun's Battlesphe  Conj/Chrm      #.......     100%        5    #####..
 Lightning Bolt           Conj/Air       #.........   100%        5    #####..
 Venom Bolt               Conj/Pois      #.........   100%        5    #####..
 Iron Shot                Conj/Erth      #.........   100%        6    #######
 Orb of Destruction       Conj           #.........   100%        7    #######
 Spellforged Servitor     Conj/Summ      #.........   100%        7    #######
 Ignition                 Fire           #.........   100%        8    #######
 Shatter                  Erth           #.........   100%        9    #######
 Tornado                  Air            #.........   100%        9    #######


Dungeon Overview and Level Annotations

Branches:
Dungeon (15/15)            Temple (0/1) D:7            Lair (6/6) D:9
 Shoals (0/4) Lair:3       Spider (2/4) Lair:3          Orc (2/2) D:11
    Elf (1/3) Orc:2        Vaults (0/5) D:14         Depths (0/5) D:15
  Slime: Lair:5-6

Altars:
Gozag
Nemelex Xobeh
Okawaru
Sif Muna
Vehumet
Zin
The Shining One
Beogh

Shops:
D:6 %   D:11 }   Orc:1 %   Orc:2 [((%

Annotations:
D:15 3 runed doors, exclusion: 3 doors, Etirghy's ghost, journeyman TrBe
Lair:1 exclusion: oklob plant
Lair:6 exclusion: oklob plant


Innate Abilities, Weirdness & Mutations

You heal slowly.
You have razor-sharp teeth.
You have supernaturally acute eyesight. (SInv)
You can survive without breathing.
You have large cloven feet.
Your spells are a little harder to cast, but a little more powerful.
You expend magic power (3 MP) to strengthen your wands.


Message History

The deep elf knight is engulfed in calcifying dust. x2
The deep elf knight is engulfed in calcifying dust.
There is an open door here.
The deep elf knight is engulfed in calcifying dust. x2
Your polar bear is engulfed in calcifying dust.
Items here: ( )) [ † a +0 dagger; a +0 shortbow; 19 arrows; a +0 leather armour a shapeshifter corpse
There is an open door here.
There is an open door here.
You close the door.
A deep elf knight opens the door.
The deep elf knight gestures at you while chanting.
The orb of energy hits you!
* * * LOW HITPOINT WARNING * * *
There is an open door here.
The deep elf knight points at you and mumbles some strange words.
The stone arrow hits you!
You die...
Your body glows slightly and disappears.

.# #'# ##.##
.# #.#
####'## .#
#.# #...## .#
#.# ##...##
.# #.#
#...e.# '##
#.# ##...##
#.#####'#
#...#
##.##...##
###'#
##'.....##
#@#
##.>.....##
#.#
#.).......#
#.#
##..>......#
#.#
.+.........#
#.#
###.......##
#.#
##.....'##
#(#
##'...##.##
#.#
##.#######.##
#.#


You could see a deep elf knight.

Vanquished Creatures
  Rupert (D:14)
  Frances (D:14)
  An emperor scorpion (Lair:6)
  An orc warlord (Orc:2)
  2 dire elephants (Lair:6)
  Josephine (D:10)
  5 hydras
  An anaconda (Lair:6)
  6 centaur warriors
  4 two-headed ogres
  3 death yaks
  A tengu warrior (D:14)
  An orc high priest (Orc:2)
  Sonja (Lair:3)
  A fire crab (shapeshifter) (D:14)
  3 skeletal warriors
  A glowing orange brain (D:14)
  7 orc knights
  Pikel (D:5)
  A deep elf archer (Elf:1)
  A lindwurm (Lair:6)
  3 wizards (D:14)
  6 orb spiders
  2 manticores
  4 orc sorcerers
  13 wolf spiders
  6 deep elf magi
  3 ugly things
  9 elephants
  A black mamba (Lair:3)
  A torpor snail (Spider:1)
  3 centaur skeletons
  11 spiny frogs
  2 yaktaurs
  A freezing wraith (D:14)
  7 komodo dragons
  A rime drake (Lair:6)
  An efreet (D:15)
  2 demonic crawlers (Spider:1)
  12 jumping spiders
  A queen bee (shapeshifter) (Elf:1)
  7 trolls
  4 polar bears
  8 blink frogs
  4 hornets
  A snapping turtle (Lair:3)
  6 dream sheep
  13 slime creatures
  38 redbacks
  6 hippogriffs
  11 tarantellas
  2 vampires
  3 shadows
  2 wraiths
  2 spriggans
  4 wyverns
  Grum (D:10)
  A basilisk (Lair:2)
  19 yaks
  A fire elemental (Orc:1)
  18 humans (D:14)
  7 vampire mosquitoes
  17 wargs
  16 water moccasins
  12 porcupines
  2 acid dragons
  4 hell hounds (Orc:1)
  35 orc warriors
  6 sky beasts
  2 black bears
  2 ice beasts
  2 slaves (D:5)
  11 ogres
  3 phantoms
  10 wolves
  A necrophage (D:14)
  10 crocodiles
  25 centaurs
  A big kobold (D:7)
  19 bullfrogs
  A wyvern zombie (D:12)
  An earth elemental (Elf:1)
  A wyvern skeleton (D:14)
  2 scorpions
  A hornet simulacrum (D:15)
  15 killer bees
  A howler monkey (D:8)
  A wight (D:8)
  4 crimson imps
  A bullfrog zombie (D:9)
  4 centaur zombies
  A quasit (D:8)
  9 jellies
  18 orc wizards
  24 orc priests
  6 hounds
  3 bullfrog skeletons
  4 iguanas
  Natasha (D:2)
  3 worker ants
  A hound zombie (D:8)
  A worker ant zombie (D:8)
  Robin (D:2)
  A howler monkey zombie (D:6)
  10 gnolls
  9 adders
  5 shadow imps
  11 white imps
  An adder zombie (D:7)
  2 adder skeletons
  4 worms
  2 dart slugs (D:2)
  9 leopard geckos
  91 orcs
  A ball python (D:7)
  8 giant cockroaches
  13 goblins
  13 hobgoblins
  5 jackals (D:6)
  9 kobolds
  7 quokkas
  7 bats
  3 frilled lizards
  7 rats
  6 plants
797 creatures vanquished.

Vanquished Creatures (collateral kills)
  Gastronok (D:11)
  An azure jelly (Lair:5)
  An emperor scorpion (Lair:5)
  2 entropy weavers
  Azrael (Orc:2)
  3 dire elephants (Lair:6)
  2 vault guards (D:14)
  2 hydras
  3 two-headed ogres
  3 death yaks (Lair:5)
  An orc high priest (Orc:2)
  2 orc knights (D:15)
  A deep elf mage (D:15)
  A necromancer (D:14)
  3 orc sorcerers
  6 ugly things
  A wolf spider (Spider:2)
  A cyclops (D:15)
  3 manticores
  7 elephants
  An eye of devastation (Orc:2)
  A black mamba (Lair:3)
  Psyche (D:10)
  A komodo dragon (D:15)
  2 yaktaurs (D:15)
  A rime drake (D:6)
  3 jumping spiders
  3 redbacks (Spider:1)
  5 yaks
  A fire elemental (Orc:2)
  A wyvern (Lair:3)
  3 wraiths (D:11)
  A hungry ghost (D:14)
  A human (D:14)
  6 wargs
  An ice beast (Lair:5)
  13 orc warriors
  An eye of draining (D:15)
  3 ogres
  2 scorpions
  A crimson imp (D:15)
  6 orc priests
  An orc wizard (D:12)
  2 gnolls
  A white imp (D:10)
  An ooze (Lair:5)
  36 orcs
  A jackal (D:6)
  A kobold (D:8)
146 creatures vanquished.

Vanquished Creatures (others)
  An orc high priest (Orc:2)
  An orc sorcerer (Orc:2)
  20 dancing weapons
  2 orc priests (Orc:2)
  A worker ant (Orc:2)
  An adder (D:11)
  A ball lightning (Lair:6)
  11 fungi
  13 plants
51 creatures vanquished.

Grand Total: 994 creatures vanquished

Notes
Turn   | Place    | Note
-------+----------+-------------------------------------------
     0 | D:1      | Matador8 the Vampire Enchanter began the quest for the Orb.
     0 | D:1      | Reached XP level 1. HP: 13/13 MP: 3/3
   438 | D:1      | Reached XP level 2. HP: 19/19 MP: 1/5
   625 | D:1      | Learned a level 2 spell: Ensorcelled Hibernation
   771 | D:1      | Reached skill level 5 in Stealth
   933 | D:2      | Reached skill level 5 in Hexes
   933 | D:2      | Reached XP level 3. HP: 24/24 MP: 6/6
  1305 | D:1      | HP: 1/24 [hobgoblin/+0 club (4)]
  1800 | D:2      | Reached XP level 4. HP: 30/30 MP: 0/7
  2181 | D:2      | Noticed Robin
  2340 | D:2      | Killed Robin
  2467 | D:2      | Reached XP level 5. HP: 34/35 MP: 6/8
  2523 | D:3      | Found a deep blue altar of Sif Muna.
  2593 | D:3      | Noticed Natasha
  2642 | D:2      | Killed Natasha
  3358 | D:4      | Found a sparkling altar of Nemelex Xobeh.
  3934 | D:4      | Reached XP level 6. HP: 41/41 MP: 9/9
  4047 | D:4      | Became a worshipper of Nemelex Xobeh the Trickster
  4059 | D:5      | Entered Level 5 of the Dungeon
  4077 | D:5      | Noticed a water moccasin
  4278 | D:5      | Learned a level 3 spell: Confuse
  4393 | D:5      | Received a gift from Nemelex Xobeh
  4465 | D:5      | Learned a level 3 spell: Tukima's Dance
  4500 | D:5      | Killed a water moccasin
  4500 | D:5      | Reached XP level 7. HP: 46/46 MP: 4/10
  4531 | D:5      | Noticed Pikel
  4552 | D:5      | Killed Pikel
  4552 | D:5      | Reached skill level 5 in Short Blades
  4651 | D:5      | Reached XP level 8. HP: 52/52 MP: 11/11
  4949 | D:6      | Found Hipyjom's Food Shoppe.
  4987 | D:6      | Reached skill level 10 in Stealth
  5123 | D:6      | Noticed Prince Ribbit
  5135 | D:6      | Noticed Prince Ribbit
  5135 | D:6      | Prince Ribbit changed into Prince Ribbit the rime drake
  5137 | D:6      | Killed Prince Ribbit the rime drake
  5137 | D:6      | Reached skill level 10 in Hexes
  5446 | D:6      | Reached * piety under Nemelex Xobeh
  6323 | D:7      | Reached XP level 9. HP: 57/57 MP: 12/12
  6653 | D:7      | Found a staircase to the Ecumenical Temple.
  6799 | D:7      | Reached skill level 1 in Fighting
  6799 | D:7      | Reached skill level 1 in Evocations
  7108 | D:7      | Reached skill level 1 in Invocations
  7528 | D:8      | Found a glowing golden altar of the Shining One.
  7795 | D:8      | Found an iron altar of Okawaru.
  8354 | D:8      | Learned a level 3 spell: Dazzling Spray
  8469 | D:8      | Reached ** piety under Nemelex Xobeh
  8502 | D:8      | Noticed a manticore
  8578 | D:8      | Noticed a troll
  8684 | D:7      | Killed a troll
  8695 | D:8      | Reached skill level 5 in Dodging
  8724 | D:8      | Identified the +0 long sword of Soysi Bug {flame, rPois
                  | MR+}
  8726 | D:8      | Noticed an unseen horror
  8727 | D:8      | Killed a manticore
  8727 | D:8      | Reached XP level 10. HP: 69/71 MP: 11/13
  9349 | D:9      | Found a staircase to the Lair.
  9352 | D:9      | Noticed a two-headed ogre
  9361 | D:9      | Killed a two-headed ogre
  9387 | D:9      | Received a gift from Nemelex Xobeh
  9537 | D:9      | Found a radiant altar of Vehumet.
  9885 | D:10     | Entered Level 10 of the Dungeon
  9911 | D:9      | Reached skill level 5 in Fighting
 10217 | D:10     | Reached skill level 1 in Long Blades
 10487 | D:10     | Noticed Psyche
 10499 | D:10     | Killed Psyche
 10559 | D:10     | Noticed a two-headed ogre
 10641 | D:10     | Received a gift from Nemelex Xobeh
 11049 | D:10     | Killed a two-headed ogre
 11253 | D:11     | Noticed Grum
 11926 | D:11     | Noticed a cyan ugly thing
 11939 | D:11     | Noticed Josephine
 11939 | D:11     | Noticed Gastronok
 12011 | D:10     | Killed Grum
 12086 | D:11     | Reached *** piety under Nemelex Xobeh
 13145 | D:11     | Reached XP level 11. HP: 69/82 MP: 8/14
 13880 | Lair:1   | Entered Level 1 of the Lair of Beasts
 13881 | Lair:1   | Noticed an oklob plant
 14166 | Lair:1   | Reached skill level 5 in Long Blades
 14495 | Lair:1   | Received a gift from Nemelex Xobeh
 14862 | Lair:1   | Received a gift from Nemelex Xobeh
 15335 | Lair:2   | Received a gift from Nemelex Xobeh
 15349 | Lair:2   | Reached **** piety under Nemelex Xobeh
 15661 | Lair:2   | Reached skill level 5 in Invocations
 15672 | Lair:2   | Received a gift from Nemelex Xobeh
 16132 | Lair:3   | Found a hole to the Spider Nest.
 16132 | Lair:3   | Noticed an orb spider
 16198 | Lair:3   | Received a gift from Nemelex Xobeh
 16208 | Lair:3   | Noticed a seven-headed hydra
 16215 | Lair:3   | Killed a seven-headed hydra
 16232 | Lair:3   | Found an opulent altar of Gozag.
 16296 | Lair:3   | Noticed a four-headed hydra
 16322 | Lair:3   | Killed a four-headed hydra
 16327 | Lair:3   | Noticed Sonja
 16744 | Lair:3   | Reached XP level 12. HP: 92/92 MP: 4/16
 17265 | Lair:3   | Reached ***** piety under Nemelex Xobeh
 17343 | Lair:3   | Killed Sonja
 17388 | Lair:3   | Found a staircase to the Shoals.
 17454 | Lair:4   | Noticed a seven-headed hydra
 17501 | Lair:4   | Received a gift from Nemelex Xobeh
 17647 | Lair:4   | Noticed a seven-headed hydra
 17649 | Lair:4   | Killed a seven-headed hydra
 17985 | Lair:4   | Received a gift from Nemelex Xobeh
 18085 | Lair:4   | Killed a seven-headed hydra
 18085 | Lair:4   | Reached skill level 10 in Long Blades
 18305 | Lair:5   | Noticed a death yak
 18305 | Lair:5   | Noticed a death yak
 18882 | Lair:5   | Noticed a death yak
 18884 | Lair:5   | Noticed a death yak
 18888 | Lair:5   | Killed a death yak
 18896 | Lair:5   | Identified the -1 quarterstaff of Laceration {venom, rN++
                  | Dex-2}
 18900 | Lair:5   | Killed a death yak
 18911 | Lair:5   | Killed a death yak
 18919 | Lair:5   | Killed a death yak
 19776 | Lair:5   | Received a gift from Nemelex Xobeh
 19886 | Lair:6   | Entered Level 6 of the Lair of Beasts
 19933 | Lair:6   | Noticed a death yak
 19935 | Lair:6   | Noticed a death yak
 19936 | Lair:6   | Noticed a death yak
 19936 | Lair:6   | Noticed a death yak
 19937 | Lair:6   | Noticed a death yak
 19937 | Lair:6   | Noticed a death yak
 19955 | Lair:6   | Noticed an entropy weaver
 19955 | Lair:6   | a death yak changed into an entropy weaver
 19955 | Lair:6   | Noticed an azure jelly
 19955 | Lair:6   | a death yak changed into an azure jelly
 19955 | Lair:6   | Noticed an emperor scorpion
 19955 | Lair:6   | a death yak changed into an emperor scorpion
 20293 | D:11     | Found Hibruux's Gadget Boutique.
 20373 | D:11     | Found a staircase to the Orcish Mines.
 20382 | D:11     | Identified the +0 trident of Joiroadwiegg {holy, rF+
                  | Stlth+}
 20383 | D:11     | Identified the +1 trident "Kutena" {vamp, rF+ MR- Stlth+}
 20926 | D:10     | Killed Josephine
 20926 | D:10     | Reached XP level 13. HP: 101/101 MP: 14/18
 21206 | D:11     | Killed Gastronok
 21234 | Orc:1    | Entered Level 1 of the Orcish Mines
 21324 | Orc:1    | Found Otysiqawn's Food Shoppe.
 21494 | Orc:1    | Received a gift from Nemelex Xobeh
 22045 | Orc:2    | Entered Level 2 of the Orcish Mines
 22480 | Orc:2    | Received a gift from Nemelex Xobeh
 22891 | Orc:2    | Reached skill level 10 in Fighting
 23155 | Orc:2    | Noticed Azrael
 23379 | Orc:2    | Identified the -1 trident "Apaatr Jaom" {pierce, Dex+6}
 23384 | Orc:2    | Killed Azrael
 23929 | Orc:2    | Found a staircase to the Elven Halls.
 24358 | Orc:2    | Noticed an orc warlord
 24778 | Orc:2    | Found a roughly hewn altar of Beogh.
 25213 | Orc:2    | Received a gift from Nemelex Xobeh
 25236 | Orc:2    | Found Cefragg's Weapon Emporium.
 25463 | Orc:2    | Found Sebresye's Antique Armour Shoppe.
 26262 | Orc:2    | Killed an orc warlord
 26543 | Orc:2    | Found Jeteoj's Weapon Emporium.
 26692 | Orc:2    | Found Tyilacrest's Food Shop.
 27419 | Orc:2    | Found a roughly hewn altar of Beogh.
 28216 | D:12     | Reached XP level 14. HP: 84/110 MP: 14/20
 28346 | D:12     | Identified the Papyrus of Venomous Moulding
 28850 | D:13     | Received a gift from Nemelex Xobeh
 29780 | D:13     | Reached skill level 5 in Spellcasting
 30377 | D:13     | Received a gift from Nemelex Xobeh
 30548 | D:13     | Reached skill level 10 in Dodging
 30986 | D:14     | Noticed Frances
 31100 | D:14     | Reached skill level 1 in Armour
 31263 | D:14     | Found a gate to the Vaults.
 31426 | D:14     | Got a glittering pewter ring
 31429 | D:14     | Identified the ring of Apnej {+Blink Int+4 Dex+2} (You
                  | found it on level 14 of the Dungeon)
 31515 | D:14     | Killed Frances
 31561 | D:14     | Reached skill level 10 in Invocations
 31794 | D:14     | Noticed Rupert
 31799 | D:14     | Killed Rupert
 31833 | D:14     | Received a gift from Nemelex Xobeh
 32254 | D:14     | Reached ****** piety under Nemelex Xobeh
 32900 | D:14     | Received a gift from Nemelex Xobeh
 32909 | D:15     | Entered Level 15 of the Dungeon
 33506 | D:15     | Found a staircase to the Depths.
 33538 | D:14     | Reached skill level 5 in Armour
 33653 | D:15     | Found a glowing silver altar of Zin.
 33941 | D:15     | Reached XP level 15. HP: 76/115 MP: 16/23
 34166 | D:15     | Noticed an azure jelly
 34166 | D:15     | a dire elephant changed into an azure jelly
 34201 | D:14     | an azure jelly changed into a glowing orange brain
 34511 | D:9      | Learned a level 2 spell: Slow
 34612 | Spider:1 | Entered Level 1 of the Spider Nest
 35412 | Spider:1 | Paralysed by a hornet for 2 turns
 35928 | Spider:1 | Received a gift from Nemelex Xobeh
 38788 | Lair:5   | Killed an azure jelly
 39693 | Lair:5   | Reached skill level 5 in Evocations
 40245 | Lair:6   | Received a gift from Nemelex Xobeh
 42178 | Lair:6   | Got a bloodstained triple sword
 42181 | Lair:6   | Identified the +6 triple sword of Bloody Death {venom,
                  | Stlth+} (You found it on level 6 of the Lair of Beasts)
 42765 | D:15     | Received a gift from Nemelex Xobeh
 43414 | D:15     | Found a runed gate.
 43843 | D:15     | Received a gift from Nemelex Xobeh
 44057 | D:15     | Found a runed gate.
 44058 | D:15     | Found a runed gate.
 44058 | D:15     | Noticed Etirghy's ghost (journeyman TrBe)
 44444 | Spider:1 | Reached XP level 16. HP: 101/124 MP: 18/24
 44650 | Spider:1 | Reached skill level 1 in Throwing
 44706 | Lair:3   | Gained mutation: You expend magic power (3 MP) to
                  | strengthen your wands. [potion of mutation]
 44706 | Lair:3   | Gained mutation: You have large cloven feet. [potion of
                  | mutation]
 44706 | Lair:3   | Gained mutation: Your spells are a little harder to cast,
                  | but a little more powerful. [potion of mutation]
 46077 | Spider:1 | Received a gift from Nemelex Xobeh
 47183 | Spider:2 | Received a gift from Nemelex Xobeh
 47507 | Elf:1    | Entered Level 1 of the Elven Halls
 48137 | Elf:1    | HP: 4/127 [deep elf knight/stone arrow (35)]
 48161 | Elf:1    | Killed from afar by a deep elf knight

Vault maps used:
D:1:      lemuel_arrival_hallway
D:2:      first_ration, uniq_robin
D:3:      marbit_many_paths, uniq_natasha
D:4:      nemelex_diamond_rough_becter
D:5:      uniq_pikel
D:6:      serial_shops, shop, uniq_prince_ribbit1
D:7:      minmay_temple_entry_offerings, grunt_ogre_cave, roderic_lattice_a
D:8:      minmay_the_grid_plus_closed, old_standard_altar, kennysheep_mini_moat
D:9:      fiery_altar_vehumet, dpeg_oklobed_lair, serial_curves, eino_curves_02,
          eino_curves_01, eino_curves_03, eino_curves_01
D:10:     st_stairs_11, uniq_psyche
D:11:     orc_0_dummy, portal_ice_cave_entry_imps, serial_shops,
          nicolae_shop_trees, uniq_josephine, uniq_gastronok, uniq_grum
D:12:     minmay_fractal_squares_gapless_5
D:13:     lemuel_castle_with_subvaults
D:14:     grunt_vaults_entry_tiered, minmay_strange_pillars, uniq_rupert,
          uniq_frances
D:15:     hangedman_depths_entry_try_elsewhere_first, basic_altar,
          serial_park_tiny_1, gammafunk_ghost_hydra_chop
Lair:1:   beast_lair_carwin_1, minmay_lair_oklob_chamber,
          infiniplex_staircase_pool, lemuel_fruit_tree, serial_bayou_shore_a
Lair:2:   lemuel_fruit_fields, grunt_megastairs_3
Lair:3:   minmay_shoals_entry_hut, nicolae_spider_entry_orb_guardian,
          basic_altar, forest_entry_grove, uniq_sonja
Lair:5:   grunt_forest_large_clearing_hut, infiniplex_staircase_pool_2
Lair:6:   due_jungle_book, minmay_slime_entry_oklob_enclosed
Spider:2: uniq_arachne
Orc:1:    serial_shops, nicolae_shop_crystal
Orc:2:    pubby_orc_utopia, uniq_azrael
Elf:1:    gammafunk_ghost_fury_of_okawaru, minmay_elf_annihilation

Skill      XL: |  1  2  3  4  5  6  7  8  9 10 11 12 13 14 15 16 |
---------------+-------------------------------------------------+-----
Stealth        | 5 6 7 8 9 11 12 13 | 13.1
Short Blades   | 2 3 4 5 6 |  6.1
Hexes          | 5 6 7 8 11 13 | 13.3
Fighting       | 4 6 8 9 10 11 | 11.7
Evocations     | 1 7 |  7.6
Invocations    | 4 5 7 8 10 | 10.3
Dodging        | 5 7 8 9 10 | 10.2
Long Blades    | 4 8 11 13 | 13.6
Spellcasting   | 3 5 |  5.5
Armour         | 5 6 |  6.0
Throwing       | 3 |  3.8

Action                   |  1- 3 |  4- 6 |  7- 9 | 10-12 | 13-15 | 16-18 || total
-------------------------+-------+-------+-------+-------+-------+-------++-------
Melee: Dagger            |   106 |   203 |   323 |   543 |   785 |    30 ||  1990
       Bite              |     4 |    17 |    38 |    99 |   272 |    12 ||   442
       Whip              |     6 |       |       |       |       |       ||     6
       Long sword        |       |       |       |   220 |   155 |       ||   375
       Scimitar          |       |       |       |       |  1228 |       ||  1228
       Triple sword      |       |       |       |       |    65 |   102 ||   167
 Cast: Corona            |    31 |    33 |     8 |     8 |    14 |     6 ||   100
       Ensorcelled Hiber |     5 |     8 |       |       |     1 |       ||    14
       Confuse           |       |     3 |    44 |   125 |   196 |    67 ||   435
       Tukima's Dance    |       |       |    11 |    16 |   118 |     1 ||   146
       Dazzling Spray    |       |       |       |     2 |     2 |       ||     4
Invok: Stack Five        |       |       |       |     1 |       |       ||     1
 Abil: End Transformatio |     1 |     1 |       |     1 |     2 |     1 ||     6
       Bat Form          |     1 |     1 |       |     1 |     2 |     1 ||     6
       Draw Destruction  |       |       |     5 |    16 |    27 |       ||    48
       Draw Summoning    |       |       |     2 |    14 |    34 |     3 ||    53
       Draw Escape       |       |       |       |     1 |       |       ||     1
       Draw Stack        |       |       |       |       |     1 |     1 ||     2
Evoke: Wand              |       |       |       |       |     3 |     2 ||     5
  Use: Potion            |     1 |     4 |    10 |    21 |    59 |     7 ||   102
       Scroll            |       |     5 |     8 |    15 |    18 |       ||    46
 Stab: Sleeping          |    10 |    20 |    28 |    49 |    43 |     7 ||   157
       Distracted        |       |     1 |     3 |     3 |    12 |     1 ||    20
       Confused          |       |     5 |    27 |    65 |   110 |    35 ||   242
       Invisible         |       |       |       |     1 |     1 |       ||     2
  Eat: Corpse            |     1 |     4 |     1 |    15 |    21 |     2 ||    44
Armor: Robe              |     3 |       |       |       |       |       ||     3
       Leather armour    |    23 |    23 |    48 |   145 |       |       ||   239
       Ring mail         |       |       |       |    10 |   494 |     2 ||   506
       Scale mail        |       |       |       |       |   317 |    73 ||   390
Dodge: Dodged            |    93 |    76 |   140 |   527 |  1324 |   111 ||  2271
       Rpst.: Long sword |       |       |       |    59 |    21 |       ||    80
       Scimitar          |       |       |       |       |   195 |       ||   195
       Triple sword      |       |       |       |       |    17 |    24 ||    41

Table legend:
 A = Non-vault XP
 B = Vault XP
 C = Vault XP percentage of total XP
 D = Non-vault monster count
 E = Vault monster count
 F = Vault count percentage of total count
                 A         B        C        D         E       F
            +---------+---------+-------+---------+---------+-------
      Total |  122612 |   50619 |  29.2 |     626 |     313 |  33.3
            +---------+---------+-------+---------+---------+-------
        D:1 |      29 |       0 |   0.0 |      16 |       0 |   0.0
        D:2 |     139 |      68 |  32.9 |      28 |      12 |  30.0
        D:3 |      91 |       2 |   2.2 |      21 |       1 |   4.5
        D:4 |      61 |       0 |   0.0 |       6 |       0 |   0.0
        D:5 |     754 |     587 |  43.8 |      14 |       1 |   6.7
        D:6 |     617 |     201 |  24.6 |      21 |       1 |   4.5
        D:7 |     497 |     419 |  45.7 |      15 |       2 |  11.8
        D:8 |    1215 |     990 |  44.9 |      32 |      13 |  28.9
        D:9 |    1514 |     122 |   7.5 |      14 |       1 |   6.7
       D:10 |    2849 |    1852 |  39.4 |      24 |      16 |  40.0
       D:11 |    2167 |    2036 |  48.4 |      21 |       7 |  25.0
       D:12 |    5464 |    1108 |  16.9 |      39 |       4 |   9.3
       D:13 |    7896 |    3409 |  30.2 |      33 |      49 |  59.8
       D:14 |    7698 |   12652 |  62.2 |      28 |      29 |  50.9
       D:15 |   15225 |    1098 |   6.7 |      54 |       2 |   3.6
     Lair:1 |    2612 |     896 |  25.5 |      16 |       7 |  30.4
     Lair:2 |    1754 |     206 |  10.5 |      11 |       2 |  15.4
     Lair:3 |    5771 |    2632 |  31.3 |      22 |      10 |  31.2
     Lair:4 |    5901 |       0 |   0.0 |      24 |       0 |   0.0
     Lair:5 |   10317 |     934 |   8.3 |      28 |       3 |   9.7
     Lair:6 |   17835 |    2882 |  13.9 |      40 |       5 |  11.1
   Spider:1 |   22050 |       0 |   0.0 |      76 |       0 |   0.0
   Spider:2 |    4983 |       0 |   0.0 |      15 |       0 |   0.0
      Orc:1 |    1841 |    3701 |  66.8 |      21 |      20 |  48.8
      Orc:2 |       0 |   14232 | 100.0 |       0 |     127 | 100.0
      Elf:1 |    3332 |     592 |  15.1 |       7 |       1 |  12.5
            +---------+---------+-------+---------+---------+-------
